 Dungeon Crawl Stone Soup version 0.29.1-1-gd02db6906a (webtiles) character file.

Game seed: 4295333563814505704

3867 LustLizard the Carver (level 9, -8/72 HPs)
             Began as a Demonspawn Fighter on Oct 4, 2022.
             Was a Believer of Okawaru.
             Mangled by a red devil
             ... wielding a +1 antimagic demon trident
             ... summoned by a kobold demonologist
              (19 damage)
             ... on level 8 of the Dungeon.
             The game lasted 00:12:32 (6084 turns).

LustLizard the Carver (Demonspawn Fighter)          Turns: 6084, Time: 00:12:32

Health: -8/72      AC: -6    Str: 13    XL:     9   Next: 99%
Magic:  0/9        EV:  8    Int: 10    God:    Okawaru [**....]
Gold:   371        SH:  6    Dex: 20    Spells: 8/8 levels left

rFire   . . .      SeeInvis +   a - +1 long sword
rCold   . . .      Faith    .   c - +0 buckler
rNeg    + . .      Spirit   .   n - +5 scale mail of Magic {Regen+ Str-4 Dex+4}
rPois   .          Reflect  .   q - +0 hat
rElec   .          Harm     .   r - +0 cloak
rCorr   .          Rampage  .   l - +2 pair of gloves
Will    .....                   (no boots)
Stlth   ..........              p - amulet of regeneration
HPRegen 1.82/turn               t - ring of see invisible
MPRegen 0.11/turn               y - ring of positive energy

@: spiked, corroded
A: hooves 2, horns 1, foul stench 1, demonic magic 1
a: Renounce Religion, Heroism


You were on level 8 of the Dungeon.
You worshipped Okawaru.
Okawaru was pleased with you.
You visited 2 branches of the dungeon, and saw 9 of its levels.
You also visited: Sewer.

You collected 371 gold pieces.

Inventory:

Hand Weapons
 a - a +1 long sword (weapon)
Missiles
 e - 27 poisoned darts (quivered)
Armour
 b - a +0 scale mail
 c - a +0 buckler (worn)
 j - a +0 chain mail
 l - a +2 pair of gloves (worn)
 m - the +3 ring mail "Navepun" {rElec rC- Int+4}
   (You found it on level 3 of the Dungeon)

   Int:       It affects your intelligence (+4).
   rC:        It makes you vulnerable to cold.
   rElec:     It insulates you from electricity.
 n - the +5 scale mail of Magic (worn) {Regen+ Str-4 Dex+4}
   (You found it on level 3 of the Dungeon)

   Str:       It affects your strength (-4).
   Dex:       It affects your dexterity (+4).
   Regen:     It increases your rate of health regeneration.
 q - a +0 hat (worn)
 r - a +0 cloak (worn)
 C - a +3 scale mail of poison resistance
Jewellery
 f - an amulet of guardian spirit
 p - an amulet of regeneration (around neck)
 t - a ring of see invisible (left hand)
 y - a ring of positive energy (right hand)
Scrolls
 g - 3 scrolls of teleportation {unknown}
 i - a scroll of noise {unknown}
 o - 3 scrolls of enchant weapon
 u - a scroll of magic mapping {unknown}
 v - 3 scrolls of butterflies {unknown}
 B - a scroll of immolation {unknown}
 E - a scroll of fear {unknown}
 G - a scroll of poison {unknown}
Potions
 d - a potion of might
 h - 3 potions of curing
 k - a potion of lignification {unknown}
 s - a potion of heal wounds
 w - a potion of invisibility
 x - a potion of flight {unknown}
 z - a potion of resistance
 A - 3 potions of ambrosia {unknown}
 D - a potion of degeneration {unknown}
 F - a potion of haste {unknown}


   Skills:
 + Level 7.3 Fighting
 * Level 9.1 Long Blades
 - Level 6.0 Armour
 - Level 6.0 Shields


You had 8 spell levels left.
You didn't know any spells.
Your spell library contained the following spells:

 Spells                   Type           Power      Damage    Failure   Level
 Foxfire                  Conj/Fire      0%         2x1d4     89%         1
 Ensorcelled Hibernation  Hex/Ice        0%         N/A       96%         2
 Passwall                 Tmut/Erth      0%         N/A       96%         2
 Conjure Flame            Conj/Fire      0%         6-21      99%         3
 Inner Flame              Hex/Fire       0%         N/A       99%         3
 Spider Form              Tmut/Pois      0%         N/A       99%         3
 Swiftness                Air            0%         N/A       99%         3
 Anguish                  Hex/Necr       0%         N/A       100%        4
 Flame Wave               Conj/Fire      0%         2d4       100%        4


Dungeon Overview and Level Annotations

Branches:
Dungeon (8/15)             Temple (1/1) D:5           Sewer (visited)
   Lair: D:8-11

Altars:
Ashenzari
Cheibriados
Dithmenos
Fedhas
Kikubaaqudgha
Makhleb
Nemelex Xobeh
Okawaru
Ru
Vehumet
Wu Jian
Xom
Yredelemnul


Innate Abilities, Weirdness & Mutations

You have hoof-like feet.
You have a pair of small horns on your head.
You may rarely emit foul miasma when damaged in melee.
Spells you cast may paralyse adjacent enemies.


Message History

The kobold demonologist is moderately wounded.
The rust devil hits you. The rust devil corrodes you!
The kobold demonologist hits you with a +0 dagger.
You block the red devil's attack.
You closely miss the kobold demonologist.
You kick the kobold demonologist, but do no damage.
You headbutt the kobold demonologist.
The kobold demonologist is moderately wounded.
The rust devil hits you! The rust devil corrodes you!
You block the kobold demonologist's attack.
The red devil barely misses you.
You fail to use your ability.
The rust devil completely misses you.
The kobold demonologist gestures wildly while chanting.
The red devil hits you with a +1 antimagic demon trident!
Barbed spikes become lodged in your body.
You feel your power leaking away.
You hit the kobold demonologist but do no damage.
You headbutt the kobold demonologist, but do no damage.
The kobold demonologist is moderately wounded.
The rust devil barely misses you.
The kobold demonologist barely misses you.
You closely miss the kobold demonologist.
Your kick misses the kobold demonologist.
The kobold demonologist is moderately wounded.
You block the red devil's attack. The orange demon stings you from afar.
The rust devil hits you. The rust devil corrodes you!
The kobold demonologist hits you with a +0 dagger.
* * * LOW HITPOINT WARNING * * *
You hit the kobold demonologist but do no damage.
The kobold demonologist is moderately wounded.
The orange demon stings you from afar!
* * * LOW HITPOINT WARNING * * *
The red devil misses you. The rust devil closely misses you.
The kobold demonologist casts a spell.
You hit the kobold demonologist but do no damage.
Your headbutt misses the kobold demonologist.
The kobold demonologist is moderately wounded.
You block the orange demon's attack.
The red devil hits you with a +1 antimagic demon trident!!
You die...

.............###..#
###....<#
..#####.......#...###
#..#..# #.
##...>........##
#......
##............#
#......
#...........##
#.......
.....##....###
#...###.
.###..###...# #.## #
# #..# ##45# ## #..
#@4# ##K# #4# #5# .#.
. . # .# ..


You could see an orange demon (summoned), a rust devil (summoned), a kobold
demonologist, a red devil (summoned), a quasit (summoned) and an ufetubus
(summoned).

Vanquished Creatures
  A two-headed ogre (D:7)
  A wyvern (D:4)
  A steam dragon (D:7)
  Edmund (D:6)
  4 water moccasins
  A sky beast (D:5)
  2 black bears
  2 ice beasts (D:7)
  A phantom (D:5)
  2 centaurs (D:5)
  2 kobold brigands
  4 bullfrogs
  A gnoll sergeant (D:7)
  4 scorpions
  A necrophage (D:6)
  4 wights (D:7)
  3 hounds
  A jelly (D:7)
  3 orc priests
  7 iguanas
  6 orc wizards
  A hell rat (Sewer)
  A mummy (D:5)
  9 gnolls
  3 adders
  A white imp (D:5)
  An ufetubus (D:4)
  5 worms
  3 dart slugs
  7 orcs
  5 ball pythons
  7 bats
  9 endoplasms
  5 giant cockroaches
  14 goblins
  4 hobgoblins
  10 jackals
  13 kobolds
  6 quokkas
  3 frilled lizards
  9 rats
168 creatures vanquished.

Vanquished Creatures (others)
  An orc (D:3)
  A goblin (D:3)
2 creatures vanquished.

Grand Total: 170 creatures vanquished

Notes
Turn   | Place    | Note
-------+----------+-------------------------------------------
     0 | D:1      | LustLizard the Demonspawn Fighter began the quest for the
                  | Orb.
     0 | D:1      | Reached XP level 1. HP: 18/18 MP: 1/1
   164 | D:1      | Reached skill level 2 in Long Blades
   309 | D:1      | Discovered your monstrous ancestry.
   309 | D:1      | Gained mutation: You have large cloven feet. [demonic
                  | ancestry]
   309 | D:1      | Reached XP level 2. HP: 22/24 MP: 2/2
   916 | D:2      | Reached XP level 3. HP: 29/29 MP: 3/3
  1642 | D:2      | Gained mutation: You have a pair of small horns on your
                  | head. [demonic ancestry]
  1642 | D:2      | Reached XP level 4. HP: 32/35 MP: 2/4
  1925 | D:3      | Identified the +3 ring mail "Navepun" {rElec rC- Int+4}
  2097 | D:3      | Found a shimmering altar of Xom.
  2231 | D:3      | Reached skill level 3 in Long Blades
  2231 | D:3      | Identified the +5 scale mail of Magic {Regen+ Str-4 Dex+4}
  2392 | D:3      | Noticed a black bear
  2400 | D:3      | Killed a black bear
  2401 | D:3      | Gained mutation: You have hoof-like feet. [demonic
                  | ancestry]
  2401 | D:3      | Reached XP level 5. HP: 39/42 MP: 5/5
  2550 | D:3      | Found a faded altar of an unknown god.
  2846 | D:4      | Reached skill level 4 in Long Blades
  2846 | D:4      | Gained mutation: Spells you cast may paralyse adjacent
                  | enemies. [demonic ancestry]
  2846 | D:4      | Reached XP level 6. HP: 47/48 MP: 6/6
  2927 | D:4      | Noticed a wyvern
  2934 | D:4      | Killed a wyvern
  2940 | D:4      | Reached XP level 7. HP: 18/55 MP: 7/7
  3192 | D:4      | Identified the +8 chain mail "Qokoply" {-Cast Harm Rampage
                  | Str+10}
  3512 | D:5      | Entered Level 5 of the Dungeon
  3596 | D:5      | Reached skill level 5 in Long Blades
  3734 | D:5      | Reached skill level 5 in Fighting
  3738 | D:5      | Reached XP level 8. HP: 52/62 MP: 8/8
  3799 | D:5      | Found a snail-covered altar of Cheibriados.
  3827 | D:5      | Found a glowing drain.
  3833 | D:5      | Reached skill level 6 in Long Blades
  3839 | Sewer    | Entered a sewer
  4027 | D:5      | Found a staircase to the Ecumenical Temple.
  4031 | D:5      | Reached skill level 5 in Shields
  4258 | Temple   | Entered the Ecumenical Temple
  4328 | Temple   | Became a worshipper of Warmaster Okawaru
  4451 | D:5      | Reached skill level 5 in Armour
  4714 | D:6      | Noticed Edmund
  4753 | D:6      | Killed Edmund
  4778 | D:6      | Reached skill level 7 in Long Blades
  4778 | D:6      | Gained mutation: You may rarely emit foul miasma when
                  | damaged in melee. [demonic ancestry]
  4778 | D:6      | Reached XP level 9. HP: 69/69 MP: 9/9
  4878 | D:6      | Reached * piety under Okawaru
  5306 | D:7      | Found a large runed translucent door.
  5306 | D:7      | Found a large runed translucent door.
  5431 | D:7      | Noticed a two-headed ogre
  5455 | D:7      | Killed a two-headed ogre
  5455 | D:7      | Reached ** piety under Okawaru
  5456 | D:7      | Reached skill level 8 in Long Blades
  5769 | D:7      | Reached skill level 9 in Long Blades
  6069 | D:8      | Noticed a kobold demonologist
  6072 | D:8      | Noticed a rust devil
  6077 | D:8      | Noticed a red devil
  6081 | D:8      | Noticed an orange demon
  6084 | D:8      | Mangled by a red devil

Illustrated notes

Levels and vault maps discovered:
D:1:      dpeg_arrival_rooms_c, layout_basic, kennysheep_minor_cross
D:2:      layout_basic, basic_altar, minmay_statues_item
D:3:      layout_basic, xom_confusion_cloud,
          hellmonk_ecumenical_altar_leap_of_faith
D:4:      layout_basic
D:5:      layout_gridville, slow_altar_2, minmay_temple_entry_grid,
          cheibrodos_sewer_entry_drain
D:6:      layout_basic, uniq_edmund
D:7:      layout_rooms, jmf_multi_god_temple2
D:8:      layout_layer_cave, minitemple, serial_glass, glass_columns_a,
          glass_columns_b, minmay_misc_feat_square, st_stairs_10, uniq_erica,
          uniq_psyche
Temple:   hellmonk_temple_forest_ring

Skill      XL: |  1  2  3  4  5  6  7  8  9 |
---------------+----------------------------+-----
Long Blades    | 2 3 4 5 7 9 |  9.1
Shields        | 3 4 5 6 |  6.0
Armour         | 3 4 5 6 |  6.0
Fighting       | 4 5 6 7 |  7.3

Action                   |  1- 3 |  4- 6 |  7- 9 || total
-------------------------+-------+-------+-------++-------
Melee: Long sword        |   122 |   100 |   368 ||   590
       Kick              |    22 |    30 |   121 ||   173
       Headbutt          |       |    11 |    84 ||    95
Throw: Dart              |       |       |     9 ||     9
Invok: Heroism           |       |       |     1 ||     1
  Use: Scroll            |       |       |     4 ||     4
Armor: Scale mail        |    55 |    31 |   209 ||   295
       Chain mail        |    16 |     6 |       ||    22
       Ring mail         |       |    12 |       ||    12
Dodge: Dodged            |    62 |    37 |   141 ||   240
Block: Buckler           |    39 |    23 |   112 ||   174
